Map: 아이스 앤 크롬 - 래더

Players

Renewable

  • Race: Protoss Protoss
  • Spawn Location: 7:00

Stats - Winner!

  • Race: Protoss Protoss
  • League: Grandmaster
  • Spawn Location: 1:00

VOD

Have the link to the VOD?

Description

Time

  • Played on: Sept. 1, 2020, 6:30 a.m.
  • Length: 10:23
Show
View Real Time Build Order
Export as new Build Order

Renewable Protoss 

Build Orders:  

Get SALT Encoding   

  12  0:00  Probe  
  13  0:12  Probe  
  14  0:16  Pylon  
  14  0:24  Probe (Chrono Boost)  
  15  0:36  Probe (Chrono Boost)  
  15  0:40  Gateway  
  16  0:45  Probe (Chrono Boost)  
  16  0:47  Assimilator  
  17  0:51  Probe  
  17  0:54  Assimilator  
  18  1:03  Probe (Chrono Boost)  
  19  1:14  Probe (Chrono Boost)  
  20  1:19  Probe (Chrono Boost)  
  20  1:22  Gateway  
  21  1:27  Cybernetics Core  
  21  1:29  Probe  
  22  1:38  Pylon  
  22  1:41  Probe  
  23  1:56  Probe  
  24  2:03  Warp Gate  
  24  2:06  Adept  
  24  2:08  Probe  
  27  2:10  Adept  
  29  2:17  Pylon  
  29  2:23  Shield Battery  
  29  2:36  Adept  
  31  2:40  Adept  
  33  2:54  Robotics Facility  
  33  3:02  Pylon  
  33  3:11  Nexus  
  33  3:12  Probe  
  34  3:16  Shield Battery  
  34  3:24  Probe  
  34  3:25  Shield Battery  
  35  3:36  Probe  
  35  3:39  Immortal (Chrono Boost)  
  36  3:48  Probe  
  41  4:02  Adept  
  43  4:33  Stalker, Probe  
  43  4:35  Stalker  
  39  4:46  Probe (Chrono Boost)  
  39  4:50  Probe (Chrono Boost)  
  41  4:57  Probe (Chrono Boost)  
  43  5:00  Probe (Chrono Boost)  
  43  5:07  Probe (Chrono Boost)  
  43  5:09  Probe  
  43  5:19  Probe  
  43  5:20  Immortal (Chrono Boost)  
  37  5:21  Probe  
  37  5:27  Sentry  
  37  5:28  Sentry  
  45  5:31  Probe (Chrono Boost)  
  45  5:32  Pylon  
  47  5:35  Probe (Chrono Boost)  
  48  5:43  Probe (Chrono Boost)  
  48  5:46  Probe (Chrono Boost)  
  47  5:55  Gateway  
  43  5:57  Probe x2  
  43  5:59  Warp Prism  
  45  6:05  Sentry  
  45  6:06  Sentry  
  45  6:09  Probe x2  
  51  6:19  Gateway  
  51  6:21  Gateway  
  51  6:22  Probe  
  51  6:23  Probe  
  53  6:27  Pylon  
  53  6:34  Probe  
  53  6:35  Probe  
  55  6:48  Probe x2  
  55  6:51  Stalker x3  
  63  6:55  Gateway  
  63  6:57  Pylon  
  52  7:16  Stalker x4  
  58  7:29  Probe (Chrono Boost)  
  59  7:32  Probe (Chrono Boost)  
  59  7:35  Zealot  
  62  7:40  Probe (Chrono Boost)  
  62  7:41  Probe (Chrono Boost)  
  64  7:46  Probe (Chrono Boost)  
  64  7:47  Probe (Chrono Boost)  
  66  7:58  Probe (Chrono Boost)  
  68  8:00  Zealot, Probe (Chrono Boost)  
  68  8:01  Zealot x3  
  64  8:15  Immortal (Chrono Boost)  
  64  8:17  Probe  
  64  8:18  Probe  
  64  8:30  Probe x2  
  64  8:31  Stalker x4  
  74  8:35  Zealot  
  74  8:39  Zealot  
  78  8:43  Pylon  
  78  8:46  Pylon  
  75  9:01  Stalker x3  
  81  9:03  Zealot  
  83  9:20  Adept x2  
  87  9:30  Zealot x2  
  87  9:31  Zealot x2  
  95  9:38  Pylon x2  
  95  9:42  Stalker  
  95  9:44  Stalker  
Show
View Real Time Build Order
Export as new Build Order

Stats Protoss - Winner!

Build Orders: Oracle Opening 

Get SALT Encoding   

  12  0:00  Probe  
  13  0:12  Probe  
  14  0:17  Pylon  
  14  0:24  Probe (Chrono Boost)  
  15  0:36  Probe (Chrono Boost)  
  15  0:38  Gateway  
  16  0:45  Probe (Chrono Boost)  
  16  0:47  Assimilator  
  17  0:51  Probe  
  17  0:55  Assimilator  
  18  1:03  Probe (Chrono Boost)  
  19  1:07  Gateway  
  19  1:14  Probe (Chrono Boost)  
  20  1:18  Probe (Chrono Boost)  
  20  1:25  Cybernetics Core  
  21  1:29  Probe  
  22  1:35  Pylon  
  22  1:41  Probe  
  23  1:53  Probe  
  24  2:02  Adept x2  
  24  2:03  Warp Gate  
  24  2:05  Probe  
  29  2:09  Pylon  
  29  2:17  Stargate  
  29  2:32  Adept x2  
  29  2:34  Probe  
  34  2:41  Pylon  
  34  2:46  Probe  
  34  2:56  Shield Battery  
  34  2:58  Oracle (Chrono Boost)  
  37  3:25  Oracle (Chrono Boost)  
  37  3:32  Nexus  
  40  3:40  Pylon  
  41  3:41  Probe  
  41  3:53  Probe  
  42  4:04  Twilight Council  
  42  4:05  Probe  
  43  4:13  Stalker x2  
  47  4:17  Probe  
  48  4:29  Probe  
  49  4:41  Blink (Chrono Boost)  
  49  4:42  Probe  
  49  4:45  Stalker x2  
  54  4:53  Shield Battery  
  54  4:54  Probe  
  54  4:56  Shield Battery  
  54  4:59  Probe  
  56  5:06  Probe  
  57  5:10  Stalker  
  57  5:11  Stalker  
  56  5:15  Shield Battery  
  56  5:21  Probe x2  
  57  5:33  Probe x2  
  57  5:35  Stalker x2  
  63  5:40  Pylon  
  63  5:45  Probe x2  
  65  5:57  Probe x2  
  67  6:05  Forge  
  67  6:06  Robotics Facility  
  67  6:09  Assimilator, Probe x2  
  69  6:11  Assimilator  
  69  6:21  Probe  
  69  6:22  Probe  
  69  6:23  Gateway  
  69  6:25  Gateway  
  71  6:34  Probe x2  
  71  6:36  Protoss Ground Weapons Level 1 (Chrono Boost)  
  73  6:45  Charge  
  73  6:46  Probe x2  
  75  6:53  Nexus  
  76  6:54  Observer  
  76  6:58  Probe x2  
  76  7:19  Stalker  
  76  7:20  Pylon  
  76  7:21  Pylon  
  78  7:23  Pylon  
  78  7:25  Pylon  
  78  7:26  Pylon  
  78  7:33  Shield Battery, Immortal (Chrono Boost)  
  78  7:34  Shield Battery  
  78  7:40  Robotics Bay  
  82  7:45  Stalker x3  
  82  7:49  Stalker  
  88  8:18  Stalker x4  
  96  8:28  Probe x3  
  96  8:31  Disruptor (Chrono Boost)  
  99  8:40  Probe x3  
  105  8:43  Zealot x4  
  113  9:00  Disruptor (Chrono Boost)  
  113  9:02  Assimilator  
  116  9:03  Assimilator  
  116  9:05  Pylon  
  116  9:16  Probe x2  
  116  9:17  Probe  
  119  9:28  Disruptor (Chrono Boost), Robotics Facility, Probe x2  
  119  9:29  Pylon, Probe  
  125  9:31  Shield Battery  
  125  9:33  Shield Battery  
  125  9:36  Sentry x2  
  125  9:37  Zealot, Sentry  
  133  9:42  Gateway  
  133  9:43  Gateway  
  133  9:45  Pylon  
  133  9:47  Pylon  
  124  10:09  Zealot x4  
Tags
 
Add a new tag
Caveats
  • Supply blocks, unpowered buildings, or Contaminate may cause inaccurate times.
  • Supply counts are checked every 10 seconds.